 Dungeon Crawl Stone Soup version 0.32-a0-43-g058985b245 (webtiles) character file.

Game seed: 8336210367955221635

22 Ceno the Ruffian (level 2, -2/18 HPs)
             Began as an Octopode Shapeshifter on Feb 5, 2024.
             Slain by a goblin
             ... wielding a +0 club
              (5 damage)
             ... on level 3 of the Dungeon.
             The game lasted 00:01:30 (407 turns).

Ceno the Ruffian (Octopode Shapeshifter)             Turns: 407, Time: 00:01:31

Health: -2/18      AC:  1    Str: 13    XL:     2   Next: 91%
Magic:  2/2        EV: 13    Int: 12    God:
Gold:   45         SH:  0    Dex: 11    Spells: 1/1 levels left

rFire   . .          .
                       - Unarmed
rCold   . . .        (no shield)
rNeg    . . .        (helmet currently unavailable)
rPois   .            (no amulet)
rElec   .            (no ring)
rCorr   .            (no ring)
SInv    .            (no ring)
Will    .....        (no ring)
Stlth   ++           (no ring)
HPRegen 0.23/turn    (no ring)
MPRegen 0.08/turn    (no ring)
                     (no ring)

%: no passive effects
@: beast-form
A: beast (slay +1), almost no armour, amphibious, 8 rings, camouflage 1,
gelatinous body 1, (nimble swimmer 1), tentacles
a: Begin Untransformation


You were on level 3 of the Dungeon.
You were a hulking beast.
You visited 1 branch of the dungeon, and saw 3 of its levels.

You collected 45 gold pieces.

Inventory:

Missiles
 e - 4 stones (quivered)
Talismans
 b - a beast talisman
 c - a flux talisman
Scrolls
 d - a scroll of vulnerability {unknown}
Potions
 a - a potion of lignification


   Skills:
 + Level 1.5 Fighting
 - Level 2.0 Dodging
 * Level 3.5 Unarmed Combat
 + Level 3.2 Shapeshifting


You had one spell level left.
You didn't know any spells.
Your spell library was empty.

Dungeon Overview and Level Annotations

Branches:
Dungeon (3/15)

Altars:


Innate Abilities, Weirdness & Mutations

You are a hulking beast.
Your limbs bulge with bestial killing power. (Slay +1)
You cannot wear most types of armour.
You are amphibious.
You can wear up to eight rings at the same time.
Your skin changes colour to match your surroundings (Stealth+).
Your rubbery body absorbs attacks. (AC +1, EV +1)
((You are camouflaged when in or above water. (Stealth+)))
You have tentacles for arms and can constrict up to eight enemies at once.


Message History

HP restored.
There is a stone staircase leading up here.
You climb upwards.
The jackal bites you.
The jackal bites you but does no damage.
The jackal closely misses you. The goblin closely misses you.
The jackal bites you. The jackal misses you. The jackal bites you.
The goblin hits you but does no damage. The jackal barely misses you.
There is a stone staircase leading down here.
The jackal barely misses you. The jackal closely misses you.
The goblin closely misses you. The jackal misses you.
The giant cockroach closely misses you. The jackal misses you.
The jackal bites you.
You climb downwards.
There is a stone staircase leading up here.
You barely miss the jackal. Your grab misses the jackal.
You squeeze the jackal.
The jackal is heavily wounded.
The jackal bites you. The giant cockroach closely misses you.
The jackal bites you. The goblin closely misses you.
You tentacle-slap the jackal but do no damage.
You grab the jackal.
The jackal is heavily wounded.
You constrict the jackal, but do no damage.
The jackal closely misses you.
The jackal bites you but does no damage.
The giant cockroach barely misses you. The goblin hits you with a +0 club.
The jackal misses you.
You tentacle-slap the jackal.
You kill the jackal!
The jackal barely misses you. The giant cockroach closely misses you.
The goblin closely misses you. The jackal barely misses you.
The giant cockroach barely misses you. The jackal misses you.
The goblin hits you but does no damage. The giant cockroach bites you.
* * * LOW HITPOINT WARNING * * *
You see here a jackal corpse.
The goblin hits you with a +0 club.
* * * LOW HITPOINT WARNING * * *
You completely miss the goblin. You grab the goblin. You constrict the goblin.
The jackal barely misses you. The goblin hits you with a +0 club.
You die...

#.......#
#.[..)..# .......
..... #...#
##()'## #.....#
##g.######o
#hhB#.....
########†#.#.##..
#....[........r..
#.##.............
#..............
##....^........
#.....#.##.......
#####...# .####..
#.### .# .


You could see a jackal, a giant cockroach and a goblin.

Vanquished Creatures
  An endoplasm (D:1)
  3 giant cockroaches
  A goblin (D:2)
  A hobgoblin (D:1)
  2 jackals (D:3)
  A ball python (D:3)
  A bat (D:1)
  7 kobolds
  3 rats
20 creatures vanquished.

Notes
Turn   | Place    | Note
-------+----------+-------------------------------------------
     0 | D:1      | Ceno the Octopode Shapeshifter began the quest for the Orb.
     0 | D:1      | Reached XP level 1. HP: 13/13 MP: 1/1
   249 | D:1      | You fall into a shaft and drop 1 floor!
   272 | D:3      | Reached XP level 2. HP: 18/18 MP: 2/2
   407 | D:3      | Slain by a goblin

Illustrated notes

Levels and vault maps discovered:
D:1:      dpeg_arrival_central, layout_basic, serial_curves, eino_curves_03,
          eino_curves_04
D:2:      layout_rooms
D:3:      cheibrodos_fertilizer, layout_basic, lightli_temple_of_fire,
          ebering_ecumenical_altar_box

Action                     || total
---------------------------++-------
  Melee: Unarmed           ||    34
         Tentacles         ||     7
         Constrict         ||    10
         Punch             ||     1
   Stab: Sleeping          ||     3
 Armour: Skin              ||    31
  Dodge: Dodged            ||    42

Table legend: (Time is in decaauts)
 A = Elapsed time spent in this place.
 B = Non-inter-level travel time spent in this place.
 C = Inter-level travel time spent in this place.
 D = Time resting spent in this place.
 E = Time spent auto-exploring this place.
 F = Levels seen in this place.
 G = Mean time per level.
                   A        B        C        D        E       F      G
               +--------+--------+--------+--------+--------+-----+--------+
         Total |    406 |    406 |      0 |     69 |    159 |   3 |  135.3 |
       Dungeon |    406 |    406 |      0 |     69 |    159 |   3 |  135.3 |
               +--------+--------+--------+--------+--------+-----+--------+

Top non-repeatable levels by time:
     D:1: 248 daAuts
     D:3: 108 daAuts
     D:2: 49 daAuts
